 Dungeon Crawl Stone Soup version 0.29-a0-1006-g0dd7720b37 (webtiles) character file.

Game seed: 18041883525890486587

19 xian the Shooter (level 2, 0/22 HPs)
             Began as a Formicid Hunter on Aug 6, 2022.
             Slain by an endoplasm (2 damage)
             ... on level 1 of the Dungeon.
             The game lasted 00:01:21 (578 turns).

xian the Shooter (Formicid Hunter)                   Turns: 578, Time: 00:01:22

Health: 0/22       AC:  3    Str: 15    XL:     2   Next: 95%
Magic:  2/2        EV: 12    Int:  8    God:
Gold:   7          SH:  0    Dex: 17    Spells: 1/1 levels left

rFire   . . .      SeeInvis +   f - +2 dagger (flame)
rCold   . . .      Faith    .   (no shield)
rNeg    . . .      Spirit   .   c - +0 leather armour
rPois   .          Reflect  .   (helmet unavailable)
rElec   .          Harm     .   (no cloak)
rCorr   .          Rampage  .   (no gloves)
Will    .....                   (no boots)
Stlth   ++........              (no amulet)
HPRegen 0.07/turn               (no ring)
MPRegen 0.08/turn               (no ring)

@: no status effects
A: permanent stasis, dig shafts and tunnels, antennae 3, four strong arms
a: Dig, Shaft Self


You were on level 1 of the Dungeon.
You visited 1 branch of the dungeon, and saw 1 of its levels.

You collected 7 gold pieces.

Inventory:

Hand Weapons
 a - a +0 shortbow
 f - a +2 dagger of flaming (weapon)
Armour
 c - a +0 leather armour (worn)
Scrolls
 b - 2 scrolls of immolation
Potions
 e - a potion of haste {unknown}


   Skills:
 + Level 2.2 Fighting
 + Level 4.6 Ranged Weapons
 + Level 0.3 Armour
 + Level 1.9 Dodging
 + Level 1.2 Stealth


You had one spell level left.
You didn't know any spells.
Your spell library was empty.

Dungeon Overview and Level Annotations

Branches:
Dungeon (1/15)

Altars:

Annotations:
D:1 1 transporter


Innate Abilities, Weirdness & Mutations

You cannot be hasted, slowed, berserked, paralysed or teleported.
You can dig through walls and to a lower floor.
You have a pair of large antennae on your head. (SInv)
Your four strong arms can wield two-handed weapons with a shield.


Message History

You sense a monster nearby.
A gnoll comes into view. It is wielding a +0 spear.
The gnoll shouts!
You shoot an arrow. The arrow barely misses the gnoll.
You shoot an arrow. The arrow hits the gnoll.
The gnoll is moderately wounded.
A frilled lizard comes into view.
The gnoll hits you from afar with a +0 spear!
An endoplasm comes into view.
The gnoll closely misses you.
You shoot an arrow.
The arrow hits the gnoll but does no damage.
The gnoll is moderately wounded.
The gnoll hits you from afar with a +0 spear.
You are too injured to fight recklessly!
You are too injured to fight recklessly!
You are too injured to fight recklessly!
You are too injured to fight recklessly!
You are too injured to fight recklessly!
The gnoll hits you from afar with a +0 spear!
* * * LOW HITPOINT WARNING * * *
Okay, then.
Okay, then.
The gnoll barely misses you.
The frilled lizard attacks as you move away!
The frilled lizard barely misses you.
Your +2 dagger of flaming bursts into flame!
f - a +2 dagger of flaming (weapon)
You closely miss the frilled lizard.
The frilled lizard unfolds its giant frill.
The frilled lizard closely misses you.
The frilled lizard attacks as you move away!
The frilled lizard bites you but does no damage.
The frilled lizard attacks as you move away!
The frilled lizard bites you.
* * * LOW HITPOINT WARNING * * *
You miss the frilled lizard.
The frilled lizard completely misses you.
The endoplasm hits you.
You die...

#########............#
#.........##########.###
#.####.................#
#.##.##..#.#########..##
#.##.........# #..#
#.##....)..#.# #..#
#.........##.# #..#
#########.##.# #..#
.♣.♣.....gl@....# #..#
...........J..#### #..#
♣.♣.♣...################..#
.. ###.# ####...........# ♣
... >...........##.# ##.#
#####.#.......#.#
.♣.#.#.....#...####..#.#
......#.##........[...#.#
♣.♣...#.#.......#####.#.#


You could see a gnoll, an endoplasm and a frilled lizard.

Vanquished Creatures
  2 endoplasms (D:1)
  2 giant cockroaches (D:1)
  2 goblins (D:1)
  3 hobgoblins (D:1)
  3 ball pythons (D:1)
  A bat (D:1)
  3 kobolds (D:1)
  2 rats (D:1)
18 creatures vanquished.

Notes
Turn   | Place    | Note
-------+----------+-------------------------------------------
     0 | D:1      | xian the Formicid Hunter began the quest for the Orb.
     0 | D:1      | Reached XP level 1. HP: 16/16 MP: 1/1
   207 | D:1      | Reached XP level 2. HP: 22/22 MP: 2/2
   578 | D:1      | Slain by an endoplasm

Illustrated notes

Levels and vault maps discovered:
D:1:      spicycebolla_arrival_risky_transporter, layout_basic, serial_forest,
          infiniplex_forest_end_3, infiniplex_forest_zigzag_1,
          infiniplex_forest_straight_3, infiniplex_forest_clump_small,
          infiniplex_forest_end_3, infiniplex_forest_end_1,
          infiniplex_forest_lined_room_3, infiniplex_forest_lined_ring,
          infiniplex_forest_clump_tiny

Action                   || total
-------------------------++-------
Melee: Dagger            ||     2
 Fire: Shortbow          ||    41
 Abil: Dig               ||     5
Armor: Leather armour    ||     7
Dodge: Dodged            ||    26

Table legend: (Time is in decaauts)
 A = Elapsed time spent in this place.
 B = Non-inter-level travel time spent in this place.
 C = Inter-level travel time spent in this place.
 D = Time resting spent in this place.
 E = Time spent auto-exploring this place.
 F = Levels seen in this place.
 G = Mean time per level.
                   A        B        C        D        E       F      G
               +--------+--------+--------+--------+--------+-----+--------+
         Total |    590 |    590 |      0 |      0 |    475 |   1 |  590.0 |
       Dungeon |    590 |    590 |      0 |      0 |    475 |   1 |  590.0 |
               +--------+--------+--------+--------+--------+-----+--------+

Top non-repeatable levels by time:
     D:1: 590 daAuts
